 Dungeon Sprint DCSS version 0.31.0-9-g3a7656b989 (webtiles) character file.

Game seed: 14400042176267341984

427 Groucho the Sneak (level 6, -4/55 HPs)
             Began as an Armataur Fighter on Jan 31, 2024.
             Was an Elder of Uskayaw.
             Slain by a troll (8 damage)
             ... in the Dungeon (Sprint IX: "|||||||||||||||||||||||||||||").
             The game lasted 00:01:54 (818 turns).

Groucho the Sneak (Armataur Fighter)                 Turns: 818, Time: 00:01:55

Health: -4/55      AC:  9    Str: 25    XL:     6   Next: 65%
Magic:  7/10       EV: 10    Int:  8    God:    Uskayaw [****..]
Gold:   0          SH:  5    Dex: 11    Spells: 5/5 levels left

rFire   . . .        m - +2 rapier (drain)
rCold   . . .        c - +0 buckler
rNeg    . . .        b - +0 scale mail
rPois   .            a - +0 helmet
rElec   .            (no cloak)
rCorr   .            (no gloves)
SInv    .            (no barding)
Will    .....        (no amulet)
Stlth   ++           o - +2 ring of evasion
HPRegen 0.29/turn    n - +3 ring of strength
MPRegen 0.45/turn

%: no teleportation, roll
@: no status effects
A: large, deformed body, tough skin 3, armoured tail, roll 1
a: Renounce Religion, Stomp, Line Pass


You were in the Dungeon.
You worshipped Uskayaw.
Uskayaw was noncommittal.
You visited 1 branch

Inventory:

Hand Weapons
 m - a +2 rapier of draining (weapon)
Armour
 a - a +0 helmet (worn)
 b - a +0 scale mail (worn)
 c - a +0 buckler (worn)
Jewellery
 n - a +3 ring of strength (right hand)
 o - a +2 ring of evasion (left hand)
Wands
 l - a wand of acid (10)
Scrolls
 j - 2 scrolls of blinking
 k - 2 scrolls of amnesia
Potions
 d - a potion of might
 e - 5 potions of curing
 f - 3 potions of heal wounds
 g - a potion of haste
 h - 4 potions of magic
 i - a potion of invisibility


   Skills:
 + Level 4.9 Fighting
 * Level 6.1 Short Blades
 + Level 6.5 Armour
 + Level 3.2 Dodging
 * Level 7.5 Stealth
 + Level 5.9 Shields
 * Level 6.3 Invocations


You had 5 spell levels left.
You didn't know any spells.
Your spell library was empty.

Dungeon Overview and Level Annotations

Branches:
Dungeon (1/1)

Altars:
Cheibriados
Dithmenos
Elyvilon
Fedhas
Gozag
Hepliaklqana
Kikubaaqudgha
Makhleb
Nemelex Xobeh
Okawaru
Qazlal
Ru
Sif Muna
Trog
Uskayaw
Vehumet
Wu Jian
Xom
Yredelemnul
Zin
The Shining One
Jiyva
Lugonu


Innate Abilities, Weirdness & Mutations

Armour fits poorly on your strangely shaped body.
You have extremely tough skin. (AC +3)
You have a long armoured tail.
You regenerate magic when rolling toward enemies. (Rampage MPRegen)


Message History

The troll is no longer paralysed.
Uskayaw will force your foes to share their pain.
Uskayaw links your audience in an emotional bond!
Your Short Blades skill increases to level 6!
Your Dodging skill increases to level 3!
Your Stealth skill increases to level 7!
Your Invocations skill increases to level 6!
Unknown command.
You roll towards the orc priest!
The helpless orc priest fails to defend itself.
You impale the orc priest!!
You kill the orc priest!
The wraith is no longer paralysed.
The orc wizard is no longer paralysed.
Unknown command.
Unknown command.
Aiming: Line Pass
Press: ? - help, Dir - move target The wraith appears confused.
The orc wizard appears confused.
The troll appears confused.
You block the troll's attack. The troll claws you but does no damage.
The troll barely misses you.
The orc wizard mumbles something.
You block the orc wizard's attack.
Unknown command.
Unknown command.
You puncture the troll! You tail-slap the troll!
The troll is heavily wounded.
The troll is no longer sharing its pain.
The orc wizard hits the wraith with a +0 dagger.
The troll closely misses you. The troll claws you. The troll claws you!
* * * LOW HITPOINT WARNING * * *
Uskayaw will force your foes to share their pain.
Unknown command.
You hit the troll. You drain the troll. You tail-slap the troll!
The troll is almost dead.
The troll seems less confused.
The wraith seems less confused.
The orc wizard is no longer sharing its pain.
The troll bites you but does no damage. The troll claws you.
* * * LOW HITPOINT WARNING * * *
The troll claws you!
You die... ▓▓▓▓▓▓▓▓▓▓▓▓▓▓▓▓▓▓▓▓ +.T@oW)'..[...)..'__ ▓▓▓▓▓▓▓▓▓▓▓▓▓▓▓▓▓▓▓▓

You could see a troll (drained), a wraith (pain bonded) and an orc wizard (confused).

Vanquished Creatures
  A yak (D)
  An orc warrior (D)
  An ogre (D)
  2 hounds (D)
  An orc priest (D)
  A white imp (D)
  A dart slug (D)
  An orc (D)
  An endoplasm (D)
  A kobold (D)
  2 bats (D)
13 creatures vanquished.

Notes
Turn   | Place    | Note
-------+----------+-------------------------------------------
     0 | D        | Groucho the Armataur Fighter began the quest for the Orb.
     0 | D        | Reached XP level 1. HP: 18/18 MP: 1/1
     9 | D        | Reached skill level 1 in Stealth
    13 | D        | Reached skill level 1 in Invocations
   331 | D        | Noticed a hound
   331 | D        | Noticed an ogre
   331 | D        | Noticed a hound
   337 | D        | Killed a hound
   338 | D        | Reached skill level 1 in Dodging
   338 | D        | Reached skill level 3 in Stealth
   338 | D        | Reached XP level 2. HP: 23/26 MP: 1/3
   338 | D        | Reached XP level 3. HP: 28/31 MP: 1/4
   342 | D        | Killed an ogre
   343 | D        | Reached skill level 5 in Armour
   343 | D        | Reached skill level 5 in Stealth
   343 | D        | Reached XP level 4. HP: 21/40 MP: 2/7
   346 | D        | Reached XP level 5. HP: 23/46 MP: 4/8
   726 | D        | Found a snail-covered altar of Cheibriados.
   726 | D        | Found a shadowy altar of Dithmenos.
   726 | D        | Found a white marble altar of Elyvilon.
   726 | D        | Found a blossoming altar of Fedhas.
   726 | D        | Found an opulent altar of Gozag.
   727 | D        | Found a hazy altar of Hepliaklqana.
   728 | D        | Found a viscous altar of Jiyva.
   729 | D        | Found an ancient bone altar of Kikubaaqudgha.
   730 | D        | Found a corrupted altar of Lugonu.
   731 | D        | Found a burning altar of Makhleb.
   732 | D        | Found a sparkling altar of Nemelex Xobeh.
   733 | D        | Found an iron altar of Okawaru.
   734 | D        | Found a stormy altar of Qazlal.
   735 | D        | Found a sacrificial altar of Ru.
   736 | D        | Found a shimmering blue altar of Sif Muna.
   737 | D        | Found a bloodstained altar of Trog.
   738 | D        | Found a hide-covered altar of Uskayaw.
   739 | D        | Found a radiant altar of Vehumet.
   740 | D        | Found an ornate altar of the Wu Jian Council.
   741 | D        | Found a shimmering altar of Xom.
   742 | D        | Found a basalt altar of Yredelemnul.
   743 | D        | Found a glowing silver altar of Zin.
   744 | D        | Found a glowing golden altar of the Shining One.
   746 | D        | Became a worshipper of Uskayaw the Reveller
   804 | D        | Noticed a troll
   804 | D        | Noticed a wraith
   804 | D        | Noticed an orc warrior
   804 | D        | Noticed a yak
   808 | D        | Reached * piety under Uskayaw
   810 | D        | Reached ** piety under Uskayaw
   812 | D        | Killed a yak
   813 | D        | Reached skill level 5 in Short Blades
   813 | D        | Reached skill level 6 in Stealth
   813 | D        | Reached skill level 5 in Shields
   813 | D        | Reached skill level 5 in Invocations
   813 | D        | Reached XP level 6. HP: 34/53 MP: 8/10
   813 | D        | Reached *** piety under Uskayaw
   814 | D        | Killed an orc warrior
   814 | D        | Reached **** piety under Uskayaw
   815 | D        | Reached skill level 7 in Stealth
   818 | D        | Slain by a troll

Illustrated notes

Levels and vault maps discovered:
D:        linesprint [early_d, line_temple, items_1, d_10, items_2, lair_1,
          lair_end, items_3, orc_1, orc_end, items_4, d_15, swamp_1, shoals_1,
          snake_1, spider_1, d_20, vaults_1, items_5, swamp_end, shoals_end,
          snake_end, spider_end, vaults_end, d_27, items_6, zot_1, zot_end,
          crypt_end, forest_end, elf_end, slime_end, tomb_end, abyss_end,
          pan_hell_end]

Skill      XL: |  1  2  3  4  5  6 |
---------------+-------------------+-----
Short Blades   | 3 4 5 6 |  6.1
Stealth        | 3 5 6 7 |  7.5
Invocations    | 2 4 5 6 |  6.3
Fighting       | 3 4 |  4.9
Armour         | 4 5 6 |  6.5
Dodging        | 1 2 3 |  3.2
Shields        | 4 5 |  5.9

Action                     |  1- 3 |  4- 6 || total
---------------------------+-------+-------++-------
  Melee: Rapier            |    22 |    16 ||    38
         Tailslap          |     4 |     4 ||     8
 Invoke: Line Pass         |       |     1 ||     1
    Use: Potion            |     1 |       ||     1
   Stab: Paralysed         |       |     2 ||     2
 Armour: Scale mail        |    13 |    16 ||    29
  Dodge: Dodged            |     7 |     5 ||    12
  Block: Buckler           |     3 |     3 ||     6
